 Dungeon Crawl Stone Soup version 0.24.0-125-gc4c63601f3 (webtiles) character file.

Game seed: 14608280478740522201, levelgen mode: deterministic

3934 Pumpowlkin the Slinger (level 10, 0/72 HPs)
             Began as a Halfling Hunter on Feb 25, 2020.
             Was a Believer of Qazlal.
             Killed by divine providence
             ... invoked by an orc priest
              (16 damage)
             ... on level 9 of the Dungeon.
             The game lasted 01:14:29 (9879 turns).

Pumpowlkin the Slinger (Halfling Hunter)            Turns: 9879, Time: 01:14:29

Health: 0/72       AC: 12    Str: 13    XL:     10   Next: 44%
Magic:  11/11      EV: 10    Int:  9    God:    Qazlal [**....]
Gold:   183        SH: 12    Dex: 19    Spells: 8/9 levels left

rFire    x . .     SeeInvis +   a - +3 hunting sling
rCold    + . .     Gourm    +   R - +2 buckler {reflect}
rNeg     . . .     Faith    .   D - +0 chain mail
rPois    .         Spirit   .   K - +2 hat
rElec    .         Reflect  +   (no cloak)
rCorr    .         Harm     .   (no gloves)
MR       .....                  (no boots)
Stlth    ..........             S - amulet of the gourmand
HPRegen  0.22/turn              F - ring of see invisible
MPRegen  0.12/turn              A - ring of ice

@: lethally poisoned (0 -> -3)
A: small, mutation resistance 1
a: Upheaval, Renounce Religion


You were on level 9 of the Dungeon.
You worshipped Qazlal.
Qazlal was pleased with you.
You were very full.

You visited 2 branches of the dungeon, and saw 10 of its levels.

You collected 555 gold pieces.
You spent 372 gold pieces at shops.

Inventory:

Hand Weapons
 a - a +3 hunting sling (weapon)
 b - a +0 short sword
 d - a +0 long sword of holy wrath
 m - a +1 longbow of freezing
 t - a +1 mace of venom
 M - a +0 trident
 N - a +1 trident of protection
 T - a +0 whip of freezing
 Y - a +0 shortbow of freezing
Missiles
 s - 124 stones (quivered)
 x - 39 poisoned darts
 y - 14 boomerangs
 H - 39 bolts
 J - 122 arrows
Armour
 c - a +0 leather armour
 h - a +0 ring mail
 j - a +0 leather armour of magic resistance
 z - a +0 chain mail
 D - a +0 chain mail (worn)
 K - a +2 hat (worn)
 L - a +0 ring mail of magic resistance
 O - a +0 leather armour
 R - a +2 buckler of reflection (worn)
Magical Staves
 C - an uncursed staff of death
Jewellery
 A - a ring of ice (right hand)
 F - a ring of see invisible (left hand)
 S - an amulet of the gourmand (around neck)
Wands
 q - a wand of disintegration (11)
 r - a wand of iceblast (8)
Scrolls
 e - a scroll of blinking
 l - 3 scrolls of amnesia
 n - a scroll of magic mapping
 B - a scroll of fog
 E - a scroll of fear
 G - 2 scrolls of random uselessness
 I - 5 scrolls of remove curse
 Q - 5 scrolls of teleportation
 X - a scroll of holy word {unknown}
Potions
 g - a potion of flight
 i - 3 potions of curing
 o - 2 potions of lignification
 u - a potion of mutation
 P - a potion of haste
 U - a potion of brilliance {unknown}
 W - a potion of invisibility {unknown}
 Z - a potion of might {unknown}
Comestibles
 f - 18 rations


   Skills:
 + Level 8.0 Fighting
 + Level 0.7 Maces & Flails
 - Level 12.1(12.3) Slings
 + Level 2.2(6.0) Throwing
 + Level 6.8 Armour
 + Level 3.4 Dodging
 + Level 2.9 Stealth
 + Level 3.5 Shields
 + Level 1.7 Invocations


You had 8 spell levels left.
You knew the following spells:

 Your Spells              Type           Power        Failure   Level  Hunger
a - Magic Dart            Conj           #...         100%        1    ##.....

Your spell library contained the following spells:

 Spells                   Type           Power        Failure   Level  Hunger
 Blink                    Tloc           N/A          100%        2    ###....
 Call Imp                 Summ           #.......     100%        2    ###....
 Searing Ray              Conj           #.....       100%        2    ###....
 Slow                     Hex            #.......     100%        2    ###....
 Conjure Flame            Conj/Fire      #.......     100%        3    ####...
 Dazzling Spray           Conj/Hex       #.....       100%        3    ####...
 Mephitic Cloud           Conj/Pois/Air  #.......     100%        3    ####...
 Force Lance              Conj/Tloc      #.......     100%        4    #####..
 Fulminant Prism          Conj/Hex       #.........   100%        4    #####..
 Iskenderun's Mystic Bla  Conj           #.......     100%        4    #####..


Dungeon Overview and Level Annotations

Branches:
Dungeon (9/15)             Temple (1/1) D:5
   Lair: D:8-11         Orc: D:9-12

Altars:
Ashenzari
Cheibriados
Dithmenos
Elyvilon
Fedhas
Gozag
Hepliaklqana
Kikubaaqudgha
Makhleb
Nemelex Xobeh
Okawaru
Qazlal
Ru
Sif Muna
Trog
Uskayaw
Vehumet
Wu Jian
Xom
Yredelemnul
Zin
The Shining One

Shops:
D:5 [   D:8 *

Annotations:
D:5 3 runed translucent doors, Jerry's ghost, amateur DgFi


Innate Abilities, Weirdness & Mutations

You are small and have problems with some larger weapons.
You are somewhat resistant to further mutation.


Message History

You feel sick. You block the killer bee's attack. The killer bee stings you.
The killer bee barely misses you. You block the killer bee's attack.
The killer bee stings you.
* * * LOW HITPOINT WARNING * * *
The killer bee stings you but does no damage.
You block the killer bee's attack.
The killer bee stings you but does no damage.
You block the killer bee's attack.
An orc priest comes into view. It is wielding a +0 hand axe.
The killer bee stings you but does no damage.
You feel sick.
The orc priest shouts!
You block the killer bee's attack. x3; The killer bee stings you.
* * * LOW HITPOINT WARNING * * *
You block the killer bee's attack.
The killer bee stings you but does no damage.
You feel sick. You block the killer bee's attack.
The orc priest invokes the aid of Beogh against you.
Beogh smites you!
You die...

............>....................
.(.......................).......
.................................
....................###..........
...................# ##.........
.......>...........# #.........
...............y...## #.........
............s...y...###..........
.............Fyy@.<..............
...............y.................
.................................
...............................
.....................
.........####...o.## ........#
....... ....## P......


You could see a bullfrog, a scorpion, 5 killer bees and an orc priest.

Vanquished Creatures
  A hornet (D:7)
  2 hippogriffs (D:8)
  A hungry ghost (D:9)
  3 ice beasts
  3 sky beasts
  2 ogres
  A necrophage (D:9)
  2 orc warriors
  5 centaurs
  A big kobold (D:6)
  2 bullfrogs
  4 scorpions
  7 killer bees (D:7)
  A howler monkey (D:6)
  A crimson imp (D:5)
  A jelly (D:8)
  A bullfrog zombie (D:8)
  A centaur skeleton (D:4)
  4 hounds
  A gnoll shaman (D:8)
  2 orc priests
  A bullfrog skeleton (D:6)
  3 iguanas
  5 orc wizards
  5 worker ants
  A worker ant zombie (D:9)
  7 gnolls
  12 adders
  3 shadow imps
  2 oozes (D:3)
  A worm (D:2)
  4 dart slugs
  8 leopard geckos
  23 orcs
  7 bats
  7 giant cockroaches
  6 goblins
  5 hobgoblins
  6 jackals
  3 quokkas
  A ball python (D:8)
  7 frilled lizards
  A jackal zombie (D:5)
  9 kobolds
  3 leopard gecko zombies
  A quokka skeleton (D:5)
  8 rats
185 creatures vanquished.

Vanquished Creatures (others)
  A centaur (D:9)
1 creature vanquished.

Grand Total: 186 creatures vanquished

Notes
Turn   | Place    | Note
-------+----------+-------------------------------------------
     0 | D:1      | Pumpowlkin the Halfling Hunter began the quest for the Orb.
     0 | D:1      | Reached XP level 1. HP: 14/14 MP: 1/1
    29 | D:1      | Reached skill level 6 in Slings
    58 | D:1      | Reached XP level 2. HP: 19/19 MP: 2/2
   733 | D:1      | Reached XP level 3. HP: 24/24 MP: 3/3
  1190 | D:2      | Found a shimmering blue altar of Sif Muna.
  1199 | D:2      | Found a stormy altar of Qazlal.
  1206 | D:2      | Became a worshipper of Qazlal Stormbringer
  1466 | D:2      | Noticed a moth of wrath
  1469 | D:2      | Found a bloodstained altar of Trog.
  1681 | D:2      | Reached skill level 7 in Slings
  1818 | D:2      | Reached XP level 4. HP: 29/29 MP: 4/4
  2358 | D:3      | Reached skill level 1 in Armour
  2427 | D:3      | Reached XP level 5. HP: 34/34 MP: 5/5
  2442 | D:3      | Found an opulent altar of Gozag.
  2521 | D:3      | Reached skill level 8 in Slings
  2531 | D:3      | Reached * piety under Qazlal
  3138 | D:4      | Reached skill level 9 in Slings
  3138 | D:4      | Reached XP level 6. HP: 39/39 MP: 6/6
  3242 | D:4      | Found a white marble altar of Elyvilon.
  3287 | D:4      | Found an iron altar of Okawaru.
  3697 | D:4      | Reached XP level 7. HP: 45/45 MP: 7/7
  3845 | D:5      | Entered Level 5 of the Dungeon
  3884 | D:5      | Reached skill level 10 in Slings
  3907 | D:5      | Found a staircase to the Ecumenical Temple.
  3923 | D:5      | Reached ** piety under Qazlal
  4625 | D:5      | Found a hide-covered altar of Uskayaw.
  4894 | D:5      | Found a runed translucent gate.
  4894 | D:5      | Found a runed translucent gate.
  4894 | D:5      | Noticed Jerry's ghost (amateur DgFi)
  4897 | D:5      | Found a runed translucent gate.
  4940 | D:5      | Found Jomos's Antique Armour Shoppe.
  4948 | D:5      | Bought a shiny chain mail for 210 gold pieces
  5000 | D:5      | Reached skill level 11 in Slings
  5000 | D:5      | Reached XP level 8. HP: 47/54 MP: 4/8
  5219 | Temple   | Entered the Ecumenical Temple
  5714 | D:6      | Reached skill level 12 in Slings
  5809 | D:6      | Found a hazy altar of Hepliaklqana.
  5811 | D:6      | Found a shadowy altar of Dithmenos.
  6413 | D:6      | Found a shattered altar of Ashenzari.
  6678 | D:7      | Noticed a hornet
  6700 | D:7      | Reached skill level 5 in Fighting
  6700 | D:7      | Reached XP level 9. HP: 50/61 MP: 9/9
  6718 | D:7      | Killed a hornet
  6725 | D:7      | Reached skill level 1 in Invocations
  7304 | D:7      | Learned a level 1 spell: Magic Dart
  7997 | D:7      | Found an ancient bone altar of Kikubaaqudgha.
  8010 | D:7      | Found a snail-covered altar of Cheibriados.
  8498 | D:8      | Reached skill level 5 in Armour
  8542 | D:8      | Noticed a hippogriff
  8553 | D:8      | Killed a hippogriff
  8952 | D:8      | Reached skill level 1 in Shields
  9111 | D:8      | Reached XP level 10. HP: 59/71 MP: 11/11
  9263 | D:8      | Found an ancient bone altar of Kikubaaqudgha.
  9335 | D:8      | Reached skill level 1 in Throwing
  9550 | D:8      | Found Koshapla's Assorted Antiques.
  9555 | D:8      | Bought 3 scrolls of identify for 162 gold pieces
  9879 | D:9      | Killed from afar by an orc priest

Levels and vault maps discovered:
D:1:      matt_arrival_spirals, layout_basic, minmay_indecisive_spiral
D:2:      layout_loops_cross, minitemple, tgw_trog
D:3:      layout_basic, nicolae_gozag_cash_rules_everything_around_me
D:4:      layout_gridville, kennysheep_mini_moat, overflow_temple_1_default,
          first_ration
D:5:      layout_basic, lemuel_crystal_altar, minmay_temple_entry_sparse_star,
          serial_shops, shop, gammafunk_ghost_necromancy, kennysheep_doodads
D:6:      layout_loops_ring, grunt_temple_overflow_open, portal_sewer_entry_e,
          minmay_crystal_room, cheibrodos_ashenzari_chains
D:7:      hangedman_cross_stitches, layout_basic,
          nicolae_overflow_crystal_walls, basic_altar
D:8:      layout_loops_cross, kiku_gazebo_pond_becter, serial_shops, shop,
          grunt_pizzeria, dk_noncrumbling_3
D:9:      layout_big_octagon, erik_lair_orcish_takeover
Temple:   nicolae_temple_hex_pool

Skill      XL: |  1  2  3  4  5  6  7  8  9 10 |
---------------+-------------------------------+-----
Slings         | 6 7 9 11 12 | 12.1
Fighting       | 2 3 5 7 8 |  8.0
Armour         | 1 2 3 6 |  6.8
Stealth        | 2 |  2.9
Invocations    | 1 |  1.7
Dodging        | 3 |  3.4
Shields        | 1 3 |  3.5
Throwing       | 2 |  2.2
Maces & Flails | |  0.7

Action                   |  1- 3 |  4- 6 |  7- 9 | 10-12 || total
-------------------------+-------+-------+-------+-------++-------
Melee: Whip              |       |       |    22 |       ||    22
 Fire: Hunting sling     |   104 |   158 |   461 |   148 ||   871
Throw: Stone             |       |       |    29 |       ||    29
Invok: Upheaval          |       |       |     6 |       ||     6
  Use: Scroll            |       |     8 |     9 |    10 ||    27
       Potion            |       |       |     5 |       ||     5
  Eat: Chunk             |     2 |    10 |    16 |     4 ||    32
       Ration            |       |     1 |       |       ||     1
Armor: Ring mail         |    10 |     9 |     9 |       ||    28
       Chain mail        |       |       |    79 |    41 ||   120
Dodge: Dodged            |    31 |    37 |    85 |    41 ||   194
Block: Other             |       |       |     4 |       ||     4
       Buckler           |       |       |    48 |    66 ||   114
       Reflection        |       |       |     4 |     3 ||     7
